Map: 乌雷纳

Players

shengy - Winner!

  • Race: Zerg Zerg
  • League: Platinum

Marlinator

  • Race: Zerg Zerg
  • League: Platinum

VOD

Have the link to the VOD?

Description

Time

  • Played on: Dec. 30, 2015, 7:20 p.m.
  • Length: 5:43
Show
View Real Time Build Order
Export as new Build Order

shengy Zerg - Winner!

Build Orders: Pool First 

Get SALT Encoding   

  12  0:00  Drone  
  13  0:09  Drone  
  14  0:17  Overlord  
  14  0:35  Drone x3  
  17  0:46  Spawning Pool  
  17  0:48  Drone  
  17  0:52  Extractor  
  16  0:57  Drone  
  17  1:19  Hatchery  
  16  1:34  Spine Crawler  
  16  1:35  Zergling x2  
  16  1:36  Zergling x2  
  17  1:47  Zergling x2  
  17  1:48  Zergling x2  
  17  1:53  Metabolic Boost  
  19  2:06  Zergling x2  
  20  2:12  Queen  
  20  2:31  Zergling x8  
  22  2:52  Baneling Nest  
  20  2:59  Zergling x4  
  18  3:14  Zergling x8  
  22  3:25  Overlord  
  22  3:41  Overlord  
  22  3:48  Baneling x3  
  22  3:49  Baneling  
  22  4:05  Hatchery  
  20  4:16  Zergling x8  
  24  4:27  Drone x2  
  24  4:42  Drone x2  
  26  4:50  Baneling x3  
  26  4:57  Zergling x8  
  27  5:26  Drone x2  
Show
View Real Time Build Order
Export as new Build Order

Marlinator Zerg 

Build Orders: Pool Only, Zergling Baneling 

Get SALT Encoding   

  12  0:04  Extractor  
  11  0:22  Spawning Pool  
  10  0:31  Drone  
  10  0:34  Drone  
  12  0:46  Overlord  
  12  1:08  Zergling x2  
  12  1:09  Zergling x4  
  15  1:16  Metabolic Boost  
  15  1:23  Zergling x2  
  16  1:38  Baneling Nest  
  15  1:40  Zergling x2  
  16  1:51  Zergling x2  
  17  2:04  Zergling x4  
  19  2:15  Zergling x2  
  18  2:26  Zergling x2  
  18  2:34  Queen  
  20  2:40  Baneling x2  
  19  2:45  Zergling x2  
  20  2:52  Zergling x2  
  19  3:15  Zergling x4  
  20  3:21  Drone  
  20  3:31  Zergling x2  
  21  3:44  Baneling x2  
  21  3:45  Baneling x2  
  21  3:54  Overlord  
  21  3:55  Overlord  
  20  4:23  Baneling x2  
  20  4:24  Drone x3  
  22  4:46  Zergling x6  
  25  4:58  Baneling, Zergling x2  
Tags
 
Add a new tag
Caveats
  • Supply blocks, unpowered buildings, or Contaminate may cause inaccurate times.
  • Supply counts are checked every 10 seconds.